 Dungeon Crawl Stone Soup version 0.31-a0-1-g4198be8af4 (webtiles) character file.

Game seed: 16171382515861717134

43 subawu the Trooper (level 3, 0/40 HPs)
             Began as an Ogre Berserker on May 1, 2023.
             Slain by a black bear (3 damage)
             ... created by the rage of Trog
             ... on level 2 of the Dungeon.
             The game lasted 00:08:45 (1657 turns).

subawu the Trooper (Ogre Berserker)                 Turns: 1657, Time: 00:08:46

Health: 0/40       AC:  3    Str: 21    XL:     3   Next: 58%
Magic:  3/3        EV: 10    Int: 10    God:
Gold:   92         SH:  0    Dex:  8    Spells: 2/2 levels left

rFire   . . .        a - +0 hand axe
rCold   . . .        (no shield)
rNeg    . . .        b - +0 animal skin
rPois   .            (helmet restricted)
rElec   .            (no cloak)
rCorr   .            (gloves unavailable)
SInv    .            (boots unavailable)
Will    .....        (no amulet)
Stlth   +            (no ring)
HPRegen 0.26/turn    (no ring)
MPRegen 0.08/turn

%: no passive effects
@: no status effects
A: large, unfitting armour, tough skin 1
a: no special abilities


You were on level 2 of the Dungeon.
You visited 1 branch of the dungeon, and saw 2 of its levels.

You collected 92 gold pieces.

Inventory:

Hand Weapons
 a - a +0 hand axe (weapon)
 d - a +0 dagger
 e - a +0 mace
 h - a +0 club
 j - a +0 club
 k - a +0 club
 l - a +0 short sword
 n - a +0 short sword
Missiles
 f - 7 stones (quivered)
 o - 3 poisoned darts
Armour
 b - a +0 animal skin (worn)
 g - a +0 leather armour
 m - a +1 buckler of positive energy
Potions
 c - 2 potions of degeneration
 i - a potion of ambrosia {unknown}


   Skills:
 + Level 4.6 Fighting
 + Level 3.6 Axes
 + Level 3.2 Dodging
 + Level 0.1 Stealth


You had 2 spell levels left.
You didn't know any spells.
Your spell library was empty.

Dungeon Overview and Level Annotations

Branches:
Dungeon (2/15)

Altars:


Innate Abilities, Weirdness & Mutations

You are too large for most types of armour.
You have tough skin. (AC +1)


Message History

The kobold throws a stone.
The stone hits you but does no damage.
The kobold throws a stone.
The stone barely misses you. The kobold hits you but does no damage.
You barely miss the kobold. The kobold hits you but does no damage.
You hit the kobold.
You kill the kobold!
f - 7 stones (gained 2)
Things that are here:
a +0 short sword; a kobold corpse
Things that are here:
a +0 short sword; a kobold corpse
n - a +0 short sword
Found 3 poisoned darts.
You see here 3 poisoned darts.
o - 3 poisoned darts Trog sends monsters to punish you. 3 black bears and a polar bear come into view.
You hit the black bear.
The black bear is lightly wounded.
You hit the polar bear but do no damage.
The black bear bites you. The black bear claws you. x2
The polar bear barely misses you. The polar bear claws you.
The polar bear barely misses you.
You slash the black bear!
The black bear is lightly wounded.
You hit the polar bear but do no damage.
The polar bear barely misses you. The polar bear closely misses you. x2
The black bear barely misses you. The black bear claws you.
The black bear claws you but does no damage.
The black bear rages.
The polar bear bites you!
The polar bear claws you but does no damage.
The polar bear claws you.
The black bear rages.
The black bear bites you!
* * * LOW HITPOINT WARNING * * *
The black bear barely misses you. The black bear claws you.
* * * LOW HITPOINT WARNING * * *
The black bear closely misses you. The black bear claws you.
You die...

#.##.#
###########.##.#
#..............†
#.####.##.......
###.####.##.#####.
#.....##.##.# #.
#h###.##.##.# #.
#h# #.......# #.
#@###.##.#### #.
#hh...##.# ##
###.####.# # ##.#
#.# #
#...###.###### #
#.#..........# #
....####.###.# #
#.# #. #.# #.# #
.. . #.# #.# ##


You could see a polar bear (berserk) and 3 black bears.

Vanquished Creatures
  An adder (D:2)
  A dart slug (D:1)
  4 endoplasms (D:1)
  2 giant cockroaches (D:2)
  3 goblins (D:1)
  4 hobgoblins
  4 quokkas
  2 ball pythons
  2 bats (D:1)
  A frilled lizard (D:1)
  3 kobolds
  2 rats (D:1)
29 creatures vanquished.

Notes
Turn   | Place    | Note
-------+----------+-------------------------------------------
     0 | D:1      | subawu the Ogre Berserker began the quest for the Orb.
     0 | D:1      | Reached XP level 1. HP: 24/24 MP: 1/1
   244 | D:1      | Reached XP level 2. HP: 25/32 MP: 2/2
  1012 | D:1      | Reached XP level 3. HP: 29/40 MP: 3/3
  1480 | D:2      | Fell from the grace of Trog
  1655 | D:2      | Noticed a black bear
  1655 | D:2      | Noticed a black bear
  1655 | D:2      | Noticed a black bear
  1655 | D:2      | Noticed a polar bear
  1657 | D:2      | Slain by a black bear

Illustrated notes

Levels and vault maps discovered:
D:1:      heliophobic_arrival_battle_scene, layout_loops_corners
D:2:      layout_loops_ring, serial_shops,
          nicolae_shop_competitors_out_of_business, dreamdust_wishing_well,
          minmay_splitting_lines, minmay_misc_feat_enclosed, st_stairs_11,
          uniq_crazy_yiuf_cottage

Skill      XL: |  1  2 |
---------------+-------+-----
Dodging        | 3 |  3.2
Fighting       | |  4.6
Axes           | |  3.6
Stealth        | |  0.1

Action                     || total
---------------------------++-------
  Melee: Hand axe          ||    99
 Invoke: Renounce Religion ||     1
    Use: Scroll            ||     3
 Armour: Animal skin       ||    41
  Dodge: Dodged            ||    83

Table legend: (Time is in decaauts)
 A = Elapsed time spent in this place.
 B = Non-inter-level travel time spent in this place.
 C = Inter-level travel time spent in this place.
 D = Time resting spent in this place.
 E = Time spent auto-exploring this place.
 F = Levels seen in this place.
 G = Mean time per level.
                   A        B        C        D        E       F      G
               +--------+--------+--------+--------+--------+-----+--------+
         Total |   1669 |   1495 |    174 |     81 |     15 |   2 |  834.5 |
       Dungeon |   1669 |   1495 |    174 |     81 |     15 |   2 |  834.5 |
               +--------+--------+--------+--------+--------+-----+--------+

Top non-repeatable levels by time:
     D:1: 1372 daAuts
     D:2: 297 daAuts
